 Dungeon Sprint DCSS version 0.28-a0-2-g643f2454ad (webtiles) character file.

Game seed: 4695379224108433549

248 night the Gusty (level 5, 0/38 HPs)
             Began as a Draconian Air Elementalist on July 22, 2021.
             Killed from afar by a white imp (5 damage)
             ... with a puff of frost
             ... in the Dungeon (Sprint IX: "|||||||||||||||||||||||||||||").
             The game lasted 00:01:44 (469 turns).

night the Gusty (Draconian Air Elementalist)         Turns: 469, Time: 00:01:44

Health: 0/38       AC:  5    Str: 10    XL:     5   Next: 86%
Magic:  14/14      EV: 12    Int: 16    God:
Gold:   0          SH:  0    Dex: 12    Spells: 16/17 levels left

rFire   . . .      SeeInvis .   (no weapon)
rCold   . . .      Faith    .   (no shield)
rNeg    . . .      Spirit   .   (armour unavailable)
rPois   .          Reflect  .   (helmet restricted)
rElec   .          Harm     .   (no cloak)
rCorr   .          Rampage  .   (no gloves)
Will    .....      NoTele   +   (no boots)
Stlth   ++........              (no amulet)
HPRegen 0.12/turn               (no ring)
MPRegen 0.14/turn               (no ring)

@: on berserk cooldown, slowed, very slow
A: AC +5, unfitting armour, cold-blooded
a: no special abilities


You were in the Dungeon.
You visited 1 branch

Inventory:

Missiles
 g - 4 stones
Potions
 a - a potion of curing


   Skills:
 - Level 1.7 Dodging
 - Level 1.7 Stealth
 + Level 6.7 Spellcasting
 + Level 7.0 Conjurations
 + Level 7.7 Air Magic


You had 16 spell levels left.
You knew the following spells:

 Your Spells              Type           Power      Damage    Failure   Level
a - Shock                 Conj/Air       100%       1d9       1%          1

Your spell library contained the following spells:

 Spells                   Type           Power      Damage    Failure   Level
 Static Discharge         Conj/Air       28%        N/A       1%          2
 Swiftness                Air            30%        N/A       1%          3
 Airstrike                Air            15%        N/A       5%          4


Dungeon Overview and Level Annotations

Branches:
Dungeon (1/1)

Altars:


Innate Abilities, Weirdness & Mutations

Your plain brown scales are hard. (AC +5)
You cannot fit into any form of body armour.
You are cold-blooded and may be slowed by cold attacks.


Message History

The white imp barely misses you.
The white imp picks up a beetle and eats it.
The white imp hits you but does no damage.
Casting: Shock (safe; 1% risk of failure)
Confirm with . or Enter, or press ? or * to list all spells.
Aiming: Shock (safe; 1% risk of failure)
Press: ? - help, Shift-Dir - straight line, f/p - white imp
Aim: a white imp (heavily wounded, 74% to hit)
The zap misses the white imp.
The zap hits the ogre.
The ogre is almost dead.
The white imp gestures at you. The puff of frost hits you.
* * * LOW HITPOINT WARNING * * *
Casting: Shock (safe; 1% risk of failure)
Confirm with . or Enter, or press ? or * to list all spells.
Aiming: Shock (safe; 1% risk of failure)
Press: ? - help, Shift-Dir - straight line, f/p - white imp
Aim: a white imp (heavily wounded, 74% to hit)
The zap misses the white imp.
The zap hits the ogre!
You kill the ogre!
The white imp barely misses you.
The white imp hits you but does no damage.
Your Spellcasting skill increases to level 6!
Your Conjurations skill increases to level 7!
Your Air Magic skill increases to level 7!
Casting: Shock (safe; 1% risk of failure)
Confirm with . or Enter, or press ? or * to list all spells.
Aiming: Shock (safe; 1% risk of failure)
Press: ? - help, Shift-Dir - straight line, f/p - white imp
Aim: a white imp (heavily wounded, 74% to hit)
The zap hits the white imp.
The white imp is almost dead.
The white imp hits you.
* * * LOW HITPOINT WARNING * * *
The white imp freezes you.
* * * LOW HITPOINT WARNING * * *
Magic courses through your body. The white imp gestures at you.
The puff of frost hits you.
You die... ▓▓▓▓▓▓▓▓▓▓▓▓▓▓▓▓▓▓ +.....'.)@5)'...<▓ ▓▓▓▓▓▓▓▓▓▓▓▓▓▓▓▓▓▓

You could see a white imp.

Vanquished Creatures
  An ice beast (D)
  An ogre (D)
  A scorpion (D)
  An adder (D)
  A dart slug (D)
  A hobgoblin (D)
  A jackal (D)
  A kobold (D)
  A rat (D)
9 creatures vanquished.

Notes
Turn   | Place    | Note
-------+----------+-------------------------------------------
     0 | D        | night the Draconian Air Elementalist began the quest for
                  | the Orb.
     0 | D        | Reached XP level 1. HP: 14/14 MP: 3/3
     9 | D        | Reached skill level 2 in Conjurations
   176 | D        | Noticed an ogre
   176 | D        | Noticed a scorpion
   176 | D        | Noticed an ice beast
   452 | D        | HP: 2/21 [ice beast (5)]
   454 | D        | Killed an ice beast
   455 | D        | Reached skill level 5 in Spellcasting
   455 | D        | Reached skill level 5 in Conjurations
   455 | D        | Reached skill level 5 in Air Magic
   455 | D        | Reached XP level 2. HP: 4/20 MP: 1/8
   455 | D        | Reached XP level 3. HP: 5/26 MP: 1/9
   455 | D        | Reached XP level 4. HP: 6/33 MP: 1/11
   456 | D        | Killed a scorpion
   457 | D        | Reached XP level 5. HP: 4/38 MP: 1/13
   467 | D        | Killed an ogre
   468 | D        | HP: 5/38 [white imp (3)]
   469 | D        | Killed from afar by a white imp

Illustrated notes

Levels and vault maps discovered:
D:        linesprint [early_d, line_temple, items_1, d_10, items_2, lair_1,
          lair_end, items_3, orc_1, orc_end, items_4, d_15, swamp_1, shoals_1,
          snake_1, spider_1, d_20, vaults_1, items_5, swamp_end, shoals_end,
          snake_end, spider_end, vaults_end, d_27, items_6, zot_1, zot_end,
          crypt_end, forest_end, elf_end, slime_end, tomb_end, abyss_end,
          pan_hell_end]

Skill      XL: |  1  2  3  4  5 |
---------------+----------------+-----
Conjurations   | 5 7 |  7.0
Spellcasting   | 5 6 |  6.7
Air Magic      | 5 6 7 |  7.7
Dodging        | |  1.7
Stealth        | |  1.7

Action                   |  1- 3 |  4- 6 || total
-------------------------+-------+-------++-------
Melee: Unarmed           |    16 |     2 ||    18
       Tailslap          |     1 |       ||     1
 Cast: Shock             |     9 |     6 ||    15
  Use: Potion            |     2 |     3 ||     5
       Scroll            |       |     1 ||     1
Armor: Skin              |     2 |     4 ||     6
Dodge: Dodged            |     6 |     5 ||    11

Table legend: (Time is in decaauts)
 A = Elapsed time spent in this place.
 B = Non-inter-level travel time spent in this place.
 C = Inter-level travel time spent in this place.
 D = Time resting spent in this place.
 E = Time spent auto-exploring this place.
 F = Levels seen in this place.
 G = Mean time per level.
                   A        B        C        D        E       F      G
               +--------+--------+--------+--------+--------+-----+--------+
         Total |    456 |    456 |      0 |    394 |      0 |   1 |  456.0 |
       Dungeon |    456 |    456 |      0 |    394 |      0 |   1 |  456.0 |
               +--------+--------+--------+--------+--------+-----+--------+

Top non-repeatable levels by time:
       D: 456 daAuts
